 Dungeon Crawl Stone Soup version 0.21-a0-95-g06f091e (webtiles) character file.

8159 Ijustatesigmund the Fighter (level 11, -1/195 HPs)
             Began as an Ogre Artificer on July 3, 2017.
             Was a High Priest of Okawaru.
             Succumbed to a killer bee's poison
             ... on level 10 of the Dungeon on July 4, 2017.
             The game lasted 00:31:00 (13978 turns).

Ijustatesigmund the Fighter (Ogre Artificer)       Turns: 13978, Time: 00:31:01

Health: -1/195     AC: 25    Str: 18    XL:     11   Next: 26%
Magic:  1/17       EV:  1    Int: 15    God:    Okawaru [*****.]
Gold:   551        SH:  0    Dex: 16    Spells: 10/10 levels left

rFire    . . .     SeeInvis .   a - +1 giant spiked club
rCold    . . .     Gourm    .   (shield currently unavailable)
rNeg     + + +     Faith    .   (armour currently unavailable)
rPois    +         Spirit   .   (helmet currently unavailable)
rElec    .         Reflect  .   (cloak currently unavailable)
rCorr    .         Harm     .   (gloves unavailable)
MR       +....     NoTele   +   (boots unavailable)
Stlth    ++++......             o - amulet of rage
HPRegen  0.42/turn              B - ring of Wuoval {*Contam Int+3 Dex+4 Stlth+}
MPRegen  0.15/turn              F - ring of flight

@: lethally poisoned (-1 -> -18), tree-form, heroism, berserk cooldown,
starving, slowed, very slow
A: unfitting armour
a: Heroism, Finesse, Renounce Religion, Evoke Berserk Rage


You were on level 10 of the Dungeon.
You worshipped Okawaru.
Okawaru was extremely pleased with you.
You were starving.
You were a tree.
You visited 2 branches of the dungeon, and saw 11 of its levels.
You also visited: Sewer.

You collected 551 gold pieces.

Inventory:

Hand Weapons
 a - a +1 giant spiked club (weapon)
Missiles
 v - a throwing net (quivered)
Armour
 b - a +1 robe (melded)
 h - a scarf of spirit shield (melded)
Jewellery
 l - an uncursed ring of ice
 o - an amulet of rage (around neck)
 B - the ring of Wuoval (left branch) {*Contam Int+3 Dex+4 Stlth+}
   (You found it on level 6 of the Dungeon)

   [ring of intelligence]

   It affects your intelligence (+3).
   It affects your dexterity (+4).
   It causes magical contamination when unequipped.
   It makes you more stealthy.
 F - a ring of flight (right branch)
Wands
 c - a wand of flame (15/48)
 d - a wand of enslavement (15/24)
 e - a wand of random effects (15/48)
 r - a wand of clouds (3/9)
 u - a wand of enslavement (14/24)
Scrolls
 n - a scroll of identify
 w - 6 scrolls of remove curse
 y - a scroll of immolation
 A - 2 scrolls of enchant armour
 G - 4 scrolls of teleportation
 H - a scroll of blinking
 I - a scroll of amnesia
Potions
 j - 2 potions of magic
 k - a potion of agility
 m - a potion of flight
 s - 3 potions of lignification
Books
 x - a book of Misfortune

   Spells                             Type                      Level
   a - Confusing Touch                Hexes                        1
   b - Confuse                        Hexes                        3
   c - Gell's Gravitas                Translocation                3
   d - Petrify                        Transmutation/Earth          4
   e - Metabolic Englaciation         Hexes/Ice                    5
   f - Yara's Violent Unravelling     Hexes/Transmutation          5
Comestibles
 f - 11 bread rations
 g - 5 royal jellies
 p - 6 meat rations
 q - 5 fruits


   Skills:
 - Level 14.0(19.0) Fighting
   Level 0.6(5.6) Short Blades
 + Level 9.3(14.3) Maces & Flails
 - Level 3.9(8.9) Dodging
 - Level 0.6(5.6) Stealth
 + Level 8.8 Invocations
 + Level 3.1 Evocations


You had 10 spell levels left.
You didn't know any spells.

Dungeon Overview and Level Annotations

Branches:
Dungeon (10/15)            Temple (1/1) D:6
   Lair: D:8-11         Orc: D:9-12

Altars:
Ashenzari
Cheibriados
Dithmenos
Elyvilon
Fedhas
Gozag
Hepliaklqana
Kikubaaqudgha
Makhleb
Nemelex Xobeh
Okawaru
Qazlal
Ru
Sif Muna
Trog
Uskayaw
Vehumet
Wu Jian
Xom
Yredelemnul
Zin
The Shining One

Shops:
D:4 (

Annotations:
D:2 Robin


Innate Abilities, Weirdness & Mutations

You are too large for most types of armour.
((You have tough skin. (AC +1)))


Message History

The killer bee stings you but does no damage.
The jackal barely misses you. The killer bee barely misses you.
The killer bee stings you.
* * * LOW HITPOINT WARNING * * *
You are more poisoned.
The killer bee poisons you! The jackal completely misses you.
* * * LOW HITPOINT WARNING * * *
You feel sick. The killer bee closely misses you. The killer bee stings you.
* * * LOW HITPOINT WARNING * * *
The killer bee stings you!
* * * LOW HITPOINT WARNING * * *
The killer bee stings you.
* * * LOW HITPOINT WARNING * * *
You are more poisoned.
The killer bee poisons you! The killer bee closely misses you.
You turn into a tree.
Your scarf of spirit shield melds into your body.
Your +1 robe melds into your body.
You feel strangely alone.
Your roots penetrate the ground.
You feel strangely stable.
You die...

########## .........#
.........# .........#
.........#
#...†h.##########
#yy..........
#♣...........
#............
#............
#............
######...#'######
.........#......#
######.........#......#
#....###.......#......#
#......######..#......#


You could see 2 killer bees and a jackal.

Vanquished Creatures
  3 two-headed ogres
  A troll (D:10)
  A hippogriff (D:7)
  A wraith (D:7)
  Sigmund (D:2)
  5 yaks (D:9)
  2 orc warriors (D:9)
  2 phantoms
  4 sky beasts
  A black bear (D:8)
  2 ice beasts
  4 ogres
  2 necrophages
  4 centaurs
  An elf zombie (D:7)
  6 big kobolds
  5 bullfrogs
  A scorpion (D:8)
  8 killer bees
  4 wights (D:7)
  3 howler monkeys
  3 crimson imps
  A centaur zombie (D:8)
  2 bullfrog skeletons (D:8)
  A centaur skeleton (D:4)
  3 human zombies (D:7)
  2 orc priests (D:8)
  4 hounds
  A gnoll shaman (D:9)
  Crazy Yiuf (D:3)
  Ijyb (D:4)
  A human skeleton (D:7)
  An iguana (D:6)
  3 orc wizards
  6 worker ants
  An ogre zombie (D:7)
  2 killer bee zombies
  A hound zombie (D:6)
  A mummy (D:7)
  2 worker ant zombies
  9 gnolls
  27 adders
  2 river rats (Sewer)
  A shadow imp (D:10)
  3 adder zombies
  4 oozes
  2 adder skeletons
  8 worms
  3 dart slugs
  5 leopard geckos
  32 orcs
  4 ball pythons
  7 giant cockroaches
  18 goblins
  13 hobgoblins
  7 jackals
  7 quokkas
  6 bats
  5 frilled lizards
  15 kobolds
  An orc skeleton (D:7)
  An orc zombie (D:7)
  A quokka skeleton (D:5)
  10 rats
289 creatures vanquished.

Vanquished Creatures (others)
  A plant (D:2)
1 creature vanquished.

Grand Total: 290 creatures vanquished

Notes
Turn   | Place    | Note
-------+----------+-------------------------------------------
     0 | D:1      | Ijustatesigmund the Ogre Artificer began the quest for the Orb.
     0 | D:1      | Reached XP level 1. HP: 19/19 MP: 2/2
   188 | D:1      | Reached skill level 2 in Fighting
   430 | D:1      | Reached XP level 2. HP: 27/29 MP: 3/3
   531 | D:1      | Reached skill level 3 in Fighting
  1043 | D:1      | Reached XP level 3. HP: 37/39 MP: 4/4
  1055 | D:1      | Reached skill level 4 in Fighting
  1158 | D:1      | Reached skill level 11 in Fighting
  1158 | D:1      | Reached skill level 5 in Maces & Flails
  1158 | D:1      | Reached XP level 4. HP: 62/65 MP: 5/5
  1585 | D:2      | Noticed Robin
  1589 | D:2      | Noticed Sigmund
  1959 | D:3      | Found an iron altar of Okawaru.
  1981 | D:3      | Became a worshipper of Warmaster Okawaru
  1997 | D:3      | Noticed a sky beast
  2005 | D:3      | Killed a sky beast
  2005 | D:3      | Reached XP level 5. HP: 68/74 MP: 2/6
  2037 | D:3      | Reached XP level 6. HP: 59/83 MP: 4/7
  2072 | D:3      | Found a transporter.
  2088 | D:3      | Found a transporter.
  2095 | D:3      | Found a glowing silver altar of Zin.
  2195 | D:3      | Found a glowing drain.
  2215 | Sewer    | Entered a sewer
  2331 | Sewer    | Reached * piety under Okawaru
  2648 | Sewer    | Reached skill level 1 in Invocations
  2648 | Sewer    | Reached XP level 7. HP: 73/89 MP: 8/8
  2759 | Sewer    | Reached skill level 12 in Fighting
  3312 | D:3      | Found a glowing golden altar of the Shining One.
  3570 | D:3      | Found a runed door.
  3574 | D:3      | Noticed Crazy Yiuf
  3582 | D:3      | Killed Crazy Yiuf
  3972 | D:4      | Reached ** piety under Okawaru
  4130 | D:4      | Reached XP level 8. HP: 79/98 MP: 9/9
  4589 | D:4      | Found Pelozxip's Antique Weapon Boutique.
  4774 | D:5      | Entered Level 5 of the Dungeon
  4786 | D:5      | Noticed Ijyb
  4813 | D:4      | Killed Ijyb
  5420 | D:5      | Found a shadowy altar of Dithmenos.
  6541 | D:6      | Found a staircase to the Ecumenical Temple.
  6578 | Temple   | Entered the Ecumenical Temple
  6667 | D:6      | Reached XP level 9. HP: 53/109 MP: 8/12
  6989 | D:6      | Got a flickering copper ring
  6990 | D:6      | Identified the ring of Wuoval {*Contam Int+3 Dex+4 Stlth+} (You found it on level 6 of the Dungeon)
  7405 | D:2      | Killed Sigmund
  8477 | D:7      | Reached skill level 5 in Invocations
  8796 | D:7      | Found a sacrificial altar of Ru.
  8841 | D:7      | Reached *** piety under Okawaru
  9168 | D:7      | Found an opulent altar of Gozag.
  9274 | D:7      | Reached skill level 13 in Fighting
  9627 | D:7      | Found an ancient bone altar of Kikubaaqudgha.
  9718 | D:7      | Found a white marble altar of Elyvilon.
  9991 | D:8      | Reached XP level 10. HP: 54/119 MP: 8/14
 10347 | D:8      | Found a deep blue altar of Sif Muna.
 10372 | D:8      | Found a glowing golden altar of the Shining One.
 10693 | D:8      | Reached **** piety under Okawaru
 10749 | D:8      | Noticed a two-headed ogre
 10754 | D:8      | Killed a two-headed ogre
 10947 | D:8      | Found a burning altar of Makhleb.
 11322 | D:9      | Reached skill level 14 in Fighting
 11662 | D:9      | Noticed a two-headed ogre
 11669 | D:9      | Killed a two-headed ogre
 11669 | D:9      | Reached ***** piety under Okawaru
 11845 | D:9      | Found a shadowy altar of Dithmenos.
 11935 | D:9      | Found a shattered altar of Ashenzari.
 12175 | D:9      | Reached XP level 11. HP: 46/130 MP: 4/17
 12497 | D:9      | Upgraded the game from 0.21-a0-94-gdd6ab6a to 0.21-a0-95-g06f091e
 13018 | D:9      | Found an ornate altar of the Wu Jian Council.
 13362 | D:9      | Noticed a two-headed ogre
 13370 | D:9      | Killed a two-headed ogre
 13510 | D:10     | Entered Level 10 of the Dungeon
 13977 | D:10     | HP: 2/130 [killer bee (7)]
 13978 | D:10     | Succumbed to a killer bee's poison

Vault maps used:
D:1:      dpeg_arrival_three_bigger_balls, minmay_misc_feat_cross
D:2:      serial_forest, infiniplex_forest_lined_room_3,
          infiniplex_forest_lined_1, infiniplex_forest_lined_2,
          infiniplex_forest_clump_small, infiniplex_forest_straight_2,
          infiniplex_forest_lined_2, infiniplex_forest_clump_medium,
          infiniplex_forest_zigzag_1, infiniplex_forest_clump_medium,
          infiniplex_forest_clump_medium, uniq_robin, uniq_sigmund
D:3:      tso_metal_star, okawaru_trees_2, gammafunk_temple_overflow_arena,
          portal_sewer_entry_d, uniq_crazy_yiuf_cottage
D:4:      serial_shops, kennysheep_mini_moat, first_bread
D:5:      nicolae_overflow_crystal_walls, uniq_ijyb
D:6:      minmay_temple_entry_mist
D:7:      elyvilon_altar_1, nicolae_ru_awakened_eye,
          lemuel_coloured_pillars_altar, lemuel_mausoleum_altar_kikubaaqudgha
D:8:      overflow_temple_1_default, lemuel_round_altar, basic_altar,
          grunt_ogre_cave
D:9:      lemuel_round_altar, basic_altar, nicolae_dithmenos_the_darkroom
Temple:   minmay_freezing_vapour_temple
Sewer:    sewer_co_tree

Skill      XL: |  1  2  3  4  5  6  7  8  9 10 11 |
---------------+----------------------------------+-----
Fighting       | 2 3 11 12 13 14 | 14.0
Maces & Flails | 5 6 7 8 9 |  9.3
Dodging        | 2 3 |  3.9
Invocations    | 1 2 4 5 8 |  8.8
Evocations     | 3 |  3.1
Short Blades   | |  0.6
Stealth        | |  0.6

Action                   |  1- 3 |  4- 6 |  7- 9 | 10-12 || total
-------------------------+-------+-------+-------+-------++-------
Melee: Short sword       |   103 |       |       |       ||   103
       Mace              |    11 |   167 |   174 |       ||   352
       Flail             |       |       |   514 |     3 ||   517
       Punch             |       |       |     4 |       ||     4
       Giant spiked club |       |       |       |   187 ||   187
       Giant club        |       |       |       |    27 ||    27
Invok: Heroism           |       |       |     7 |     5 ||    12
 Abil: Evoke Berserk Rag |       |       |       |     4 ||     4
  Use: Scroll            |     1 |     3 |     9 |     5 ||    18
       Potion            |     1 |       |    10 |     4 ||    15
 Stab: Sleeping          |     1 |     3 |    11 |     1 ||    16
  Eat: Chunk             |       |     6 |    22 |    15 ||    43
       Fruit             |       |       |     2 |       ||     2
Armor: Robe              |    44 |    48 |   150 |    54 ||   296
Dodge: Dodged            |    66 |    98 |   420 |   287 ||   871
